 Dungeon Crawl Stone Soup version 0.18-a0-1560-ge216ca8 (webtiles) character file.

369 Gorice the Slasher (level 6, -2/48 HPs)
             Began as a Demonspawn Gladiator on Mar 12, 2016.
             Was an Initiate of Okawaru.
             Slain by a scorpion (6 damage)
             ... on level 4 of the Dungeon.
             The game lasted 00:12:40 (3325 turns).

Gorice the Slasher (Demonspawn Gladiator)           Turns: 3325, Time: 00:12:40

Health: -2/48      AC:  8    Str: 17    XL:     6   Next: 41%
Magic:  6/6        EV: 11    Int: 10    God:    Okawaru [......]
Gold:   160        SH:  0    Dex: 18    Spells: 0 memorised, 5 levels left

rFire  . . .     SeeInvis .     a - +0 long sword
rCold  . . .     Gourm    .     e - +0 scale mail
rNeg   . . .     Faith    .     (no shield)
rPois  .         Spirit   .     (helmet restricted)
rElec  .         Dismiss  .     D - +0 cloak {+Inv}
rCorr  .         Reflect  .     j - +0 pair of gloves {Dex+3}
SustAt .         Harm     .     (no boots)
MR     .....                    (no amulet)
Stlth  +.........               (no ring)
                                (no ring)

@: lethally poisoned (-2 -> -4), not resistant to hostile enchantments, very
unstealthy
A: horns 1, thin skeletal structure 1
a: Renounce Religion, Evoke Invisibility


You were on level 4 of the Dungeon.
You worshipped Okawaru.
Okawaru was noncommittal.
You were not hungry.

You visited 2 branches of the dungeon, and saw 5 of its levels.

You collected 160 gold pieces.

Inventory:

Hand Weapons
 a - a +0 long sword (weapon)
 b - a +0 hunting sling
 s - a +1 dagger of draining
   (You took it off a kobold on level 2 of the Dungeon)
 C - a +3 quarterstaff of chaos
   (You took it off Crazy Yiuf on level 4 of the Dungeon)
Missiles
 h - 57 bolts
 q - 3 tomahawks (quivered)
 Y - 2 throwing nets
 Z - 107 stones
Armour
 e - a +0 scale mail (worn)
 j - a +0 pair of gloves of dexterity (worn)
   (You found it on level 1 of the Dungeon)
 D - a +0 cloak of invisibility (worn)
   (You took it off Crazy Yiuf on level 4 of the Dungeon)
Magical Staves
 n - an uncursed staff of wizardry {unknown}
Wands
 d - a wand of iceblast (10/15)
Scrolls
 i - 2 scrolls of remove curse
 k - 4 scrolls of teleportation {!r}
 l - 3 scrolls of blinking
 y - a scroll of amnesia {unknown}
Potions
 g - 3 potions of magic {!q}
 m - 2 potions of might {!q}
 o - 2 potions of invisibility {!q}
 p - a potion of mutation {!q}
 r - a potion of curing {unknown}
 t - a potion of lignification {unknown}
 v - a potion of experience {unknown}
 w - a potion of cancellation {unknown}
 z - a potion of heal wounds {unknown}
 A - a potion of cure mutation {unknown}
 B - a potion of ambrosia {unknown}
Comestibles
 c - 2 fruits
 f - 2 bread rations {!e}
 u - a slice of pizza
 x - a beef jerky
 E - 7 chunks of flesh


   Skills:
 + Level 4.3 Fighting
 * Level 5.6 Long Blades
 - Level 1.7 Throwing
 - Level 2.6 Dodging


You had 5 spell levels left.
You didn't know any spells.

Dungeon Overview and Level Annotations

Branches:
Dungeon (4/15)             Temple (1/1) D:4

Altars:
Ashenzari
Cheibriados
Dithmenos
Fedhas
Gozag
Okawaru
Pakellas
Qazlal
Trog
Xom


Innate Abilities, Weirdness & Mutations

You have a pair of small horns on your head.
You have a somewhat thin skeletal structure (Dex +2, Stealth).


Message History

The scorpion stings you.
* * * LOW HITPOINT WARNING * * *
The scorpion stings you.
* * * LOW HITPOINT WARNING * * *
You hit the scorpion. Your headbutt misses the scorpion.
The scorpion is heavily wounded.
The scorpion stings you.
* * * LOW HITPOINT WARNING * * *
You are poisoned.
The scorpion poisons you!
Damage: 14 (max 14)
You barely miss the scorpion.
The scorpion is heavily wounded.
You feel sick. The scorpion completely misses you.
Damage: 1 (max 14)
You feel sick.
Damage: 1 (max 14)
You feel sick.
Damage: 1 (max 14)
You feel sick.
Damage: 1 (max 14)
There is a stone staircase leading up here.
You hit the scorpion.
You headbutt the scorpion, but do no damage.
The scorpion is severely wounded.
You feel sick.
The scorpion stings you but does no damage.
You hit the scorpion but do no damage. Your headbutt misses the scorpion.
The scorpion is severely wounded.
You feel sick. The scorpion completely misses you.
Damage: 1 (max 14)
You barely miss the scorpion.
The scorpion is severely wounded.
The scorpion stings you.
* * * LOW HITPOINT WARNING * * *
Damage: 2 (max 14) Unknown command.
You hit the scorpion but do no damage. Your headbutt misses the scorpion.
The scorpion is severely wounded.
You feel sick. The scorpion stings you.
* * * LOW HITPOINT WARNING * * *
Damage: 5 (max 14)
You hit the scorpion. You headbutt the scorpion.
The scorpion is almost dead.
The scorpion stings you but does no damage.
Unknown command.
You closely miss the scorpion.
The scorpion is almost dead.
You feel sick. The scorpion stings you.
You die...

#.(# #.(# #......... #.(#
#........# #..# #........#
#######..####..[.>...####
##.)..(##................
#.......#..###.........#
#....>....s.# #.........###
#.8.....8.@.###..###)##...#
#.................[........
##..8.8....##..#####.######
##.........#.## #.#
##..........# #.#
##...........## #.#
##......>.....##.######
#.........##..........
#.........####..#.....


You could see a scorpion.

Vanquished Creatures
  2 scorpions (D:4)
  Crazy Yiuf (D:4)
  A worker ant (D:4)
  2 orc wizards (D:4)
  4 gnolls
  4 adders
  An ooze (D:3)
  A worm (D:3)
  2 dart slugs
  3 giant geckos
  6 orcs
  A ball python (D:3)
  5 giant cockroaches
  8 goblins
  10 hobgoblins
  5 jackals
  3 quokkas
  7 bats
  A giant newt (D:2)
  7 kobolds
  6 rats
80 creatures vanquished.

Notes
Turn   | Place    | Note
--------------------------------------------------------------
     0 | D:1      | Gorice the Demonspawn Gladiator began the quest for the Orb.
     0 | D:1      | Reached XP level 1. HP: 16/16 MP: 1/1
   219 | D:1      | Gained mutation: You have a somewhat thin skeletal structure (Dex +2, Stealth). [demonic ancestry]
   219 | D:1      | Reached XP level 2. HP: 17/23 MP: 2/2
   237 | D:1      | Reached skill level 3 in Long Blades
   499 | D:1      | Reached XP level 3. HP: 24/28 MP: 3/3
   935 | D:2      | Reached skill level 3 in Fighting
  1309 | D:1      | Gained mutation: You have a pair of small horns on your head. [demonic ancestry]
  1309 | D:1      | Reached XP level 4. HP: 35/35 MP: 4/4
  1465 | D:2      | Reached skill level 4 in Long Blades
  1727 | D:2      | Noticed Crazy Yiuf
  2290 | D:3      | Reached XP level 5. HP: 41/41 MP: 5/5
  2889 | D:4      | Reached skill level 4 in Fighting
  2889 | D:4      | Reached skill level 5 in Long Blades
  2940 | D:4      | Found a staircase to the Ecumenical Temple.
  2967 | D:4      | Reached XP level 6. HP: 48/48 MP: 6/6
  3007 | Temple   | Entered the Ecumenical Temple
  3192 | Temple   | Became a worshipper of Warmaster Okawaru
  3254 | D:4      | Killed Crazy Yiuf
  3317 | D:4      | HP: 14/48 [poisoned by a scorpion]
  3322 | D:4      | HP: 10/48 [scorpion (2)]
  3325 | D:4      | HP: 4/48 [poisoned by a scorpion]
  3325 | D:4      | Slain by a scorpion

Vault maps used:
D:1:      lightli_molten_gateway, minivault_26, minivault_25, st_stairs_3
D:2:      first_bread, uniq_crazy_yiuf_cottage
D:3:      minmay_crystal_water
D:4:      minmay_temple_entry_statues_fountains, grunt_ministairs_9,
          minivault_14, minmay_small_thing
Temple:   roderic_octagonal_lattice_temple

Skill      XL: |  1  2  3  4  5 |
---------------+----------------+-----
Long Blades    | 3 4 5 |  5.6
Fighting       | 3 4 |  4.3
Throwing       | |  1.7
Dodging        | |  2.6

Action                   |  1- 3 |  4- 6 || total
-------------------------+-------+-------++-------
Melee: Long sword        |   120 |   135 ||   255
 Fire: Hunting sling     |     3 |    34 ||    37
Throw: Throwing net      |       |     3 ||     3
       Tomahawk          |       |     4 ||     4
  Use: Scroll            |       |     8 ||     8
  Eat: Chunk             |     1 |     7 ||     8

Table legend:
 A = Turns spent in this place as a percentage of turns spent in the entire game.
 B = Non-inter-level travel turns spent in this place as a percentage of non-inter-level travel turns spent in the entire game.
 C = Inter-level travel turns spent in this place as a percentage of turns spent in this place.
 D = Turns resting spent in this place as a percentage of non-inter-level travel turns spent in this place.
 E = Turns spent auto-exploring this place as a percentage of non-inter-level travel turns spent in this place.
 F = Non-inter-level travel turns spent in this place divided by the number of levels of this place that you've seen.
                   A       B       C       D       E      F
               +-------+-------+-------+-------+-------+----------------------
         Total | 100.0 | 100.0 |   0.4 |   0.9 |   6.7 | 236.6
       Dungeon |  98.5 |  98.6 |   0.3 |   0.9 |   5.7 | 291.8
        Temple |   1.5 |   1.4 |  11.1 |   0.0 |  75.0 |  16.0
               +-------+-------+-------+-------+-------+----------------------

Vault maps used:
D:1:      lightli_molten_gateway, minivault_26, minivault_25, st_stairs_3
D:2:      first_bread, uniq_crazy_yiuf_cottage
D:3:      minmay_crystal_water
D:4:      minmay_temple_entry_statues_fountains, grunt_ministairs_9,
          minivault_14, minmay_small_thing
Temple:   roderic_octagonal_lattice_temple
